 Dungeon Crawl Stone Soup version 0.21.1-1-g345015f (webtiles) character file.

565 tidbits the Insei (level 7, -2/52 HPs)
             Began as a Gnoll Transmuter on Feb 13, 2018.
             Shot with an arrow by a centaur (7 damage)
             ... on level 5 of the Dungeon.
             The game lasted 00:09:43 (1098 turns).

tidbits the Insei (Gnoll Transmuter)                Turns: 1098, Time: 00:09:43

Health: -2/52      AC:  2    Str: 12    XL:     7   Next: 32%
Magic:  10/15      EV: 24    Int: 18    God:
Gold:   181        SH:  0    Dex: 20    Spells: 7/17 levels left

rFire    . . .     SeeInvis .     - Unarmed
rCold    . . .     Gourm    .   (shield currently unavailable)
rNeg     . . .     Faith    +   (armour currently unavailable)
rPois    x         Spirit   .   (helmet currently unavailable)
rElec    .         Reflect  .   (cloak currently unavailable)
rCorr    .         Harm     .   (gloves currently unavailable)
MR       .....                  (boots currently unavailable)
Stlth    ++........             g - amulet of faith
HPRegen  0.17/turn              (no ring)
MPRegen  0.14/turn              (no ring)

@: spider-form
A: tiny, distributed training, strong nose
a: End Transformation


You were on level 5 of the Dungeon.
You were not hungry.
You were a venomous arachnid creature.
You visited 1 branch of the dungeon, and saw 7 of its levels.

You collected 181 gold pieces.

Inventory:

Hand Weapons
 a - the +7 dagger of Dissolution (melded) {freeze, rPois Int+2}
   (You found it on level 5 of the Dungeon)

   It has been specially enchanted to freeze those struck by it, causing extra
   injury to most foes and up to half again as much damage against particularly
   susceptible opponents.
   It can also slow down cold-blooded creatures.
   It affects your intelligence (+2).
   It protects you from poison.
 n - a +0 blowgun
 p - a +0 dagger
 s - a +0 hunting sling
Missiles
 j - 7 needles of paralysis
 k - 82 arrows
 l - 6 curare-tipped needles
 o - 17 stones (quivered)
 r - 21 sling bullets
Armour
 b - a +0 robe (melded)
 t - a +0 ring mail
Jewellery
 g - an amulet of faith (around neck)
   (You found it on level 2 of the Dungeon)
Wands
 f - a wand of polymorph (12)
Scrolls
 h - 3 scrolls of amnesia
 i - a scroll of identify
 q - 2 scrolls of teleportation
Potions
 e - a potion of brilliance
 m - a potion of flight
Books
 d - a book of Changes

   Spells                             Type                      Level
   a - Beastly Appendage              Transmutation                1
   b - Sticks to Snakes               Transmutation                2
   c - Spider Form                    Transmutation/Poison         3
   d - Ice Form                       Ice/Transmutation            4
   e - Blade Hands                    Transmutation                5
Comestibles
 c - 4 rations


   Skills:
 + Level 3.5 Fighting
 + Level 2.3 Short Blades
 + Level 2.3 Long Blades
 + Level 2.3 Axes
 + Level 2.3 Maces & Flails
 + Level 2.3 Polearms
 + Level 2.3 Staves
 + Level 2.3 Slings
 + Level 2.3 Bows
 + Level 2.3 Crossbows
 + Level 2.3 Throwing
 + Level 2.3 Armour
 + Level 5.2 Dodging
 + Level 2.3 Stealth
 + Level 2.3 Shields
 + Level 7.0 Unarmed Combat
 + Level 5.5 Spellcasting
 + Level 1.9 Conjurations
 + Level 1.9 Hexes
 + Level 1.9 Charms
 + Level 1.9 Summonings
 + Level 1.9 Necromancy
 + Level 1.9 Translocations
 + Level 4.3 Transmutations
 + Level 1.9 Fire Magic
 + Level 1.9 Ice Magic
 + Level 1.9 Air Magic
 + Level 1.9 Earth Magic
 + Level 1.9 Poison Magic
 + Level 2.6 Invocations
 + Level 2.3 Evocations


You had 7 spell levels left.
You knew the following spells:

 Your Spells              Type           Power        Failure   Level  Hunger
e - Beastly Appendage     Tmut           ###...       9%          1    None
i - Ice Form              Ice/Tmut       ###.....     56%         4    ####...
k - Sticks to Snakes      Tmut           ###.....     11%         2    None
p - Spider Form           Tmut/Pois      ###.......   26%         3    ##.....


Dungeon Overview and Level Annotations

Branches:
Dungeon (7/15)
 Temple: D:4-7

Altars:
Fedhas
Hepliaklqana

Annotations:
D:6 exclusion: downstairs, Duvessa


Innate Abilities, Weirdness & Mutations

Your experience applies equally to all skills.
((You have very sharp teeth.))
Your uncanny sense of smell can sniff out nearby items.


Message History

The phantom barely misses you.
You hit the phantom.
The phantom is severely damaged.
The phantom misses you.
You puncture the phantom!
The phantom is almost destroyed.
The phantom hits you.
* * * LOW HITPOINT WARNING * * *
The phantom closely misses you.
You hit the phantom.
The phantom is almost destroyed.
The phantom blinks!
Casting: Sticks to Snakes
Confirm with . or Enter, or press ? or * to list all spells.
You grow a pair of large bovine horns.
The phantom blinks!
The phantom blinks!
The phantom hits you!
* * * LOW HITPOINT WARNING * * *
You hit the phantom.
The phantom is almost destroyed.
The phantom closely misses you. The phantom barely misses you.
You barely miss the phantom.
The phantom is almost destroyed.
The phantom hits you.
* * * LOW HITPOINT WARNING * * *
You hit the phantom.
You destroy the phantom!
You have reached level 7!
Okay, then.
You feel yourself speed up.
Found 3 scrolls labeled FUIMIROJAN.
An ice beast comes into view.
The helpless quokka fails to defend itself.
You puncture the quokka! You freeze the quokka.
You kill the quokka!
Found 12 gold pieces.
You see here 3 scrolls labeled FUIMIROJAN.
h - 3 scrolls labeled FUIMIROJAN You see here 12 gold pieces.
You now have 181 gold pieces (gained 12).
You recover from your berserk rage.
As you read the scroll of identify, it crumbles to dust.
h - 3 scrolls of amnesia This spell is quite dangerous to cast!
Memorise Ice Form, consuming 4 spell levels and leaving 7?
You start memorising the spell.
You continue memorising. x4
You finish memorising.
Spell assigned to 'i'.
Okay, then.
Your transformation is almost over.
Your horns disappear.
The ice beast hits you.
* * * LOW HITPOINT WARNING * * *
The ice beast freezes you!
* * * LOW HITPOINT WARNING * * *
Casting: Beastly Appendage
Confirm with . or Enter, or press ? or * to list all spells.
You turn into a creature of crystalline ice.
The +7 dagger of Dissolution {freeze, rPois Int+2} melds into your body.
Your +0 robe melds into your body.
The +7 dagger of Dissolution {freeze, rPois Int+2} stops glowing.
The ice beast hits you but does no damage.
Unknown command.
You hit the ice beast but do no damage. The ice beast closely misses you.
You hit the ice beast.
The ice beast is lightly wounded.
The ice beast hits you.
* * * LOW HITPOINT WARNING * * *
The ice beast freezes you. You resist.
* * * LOW HITPOINT WARNING * * *
You completely miss the ice beast.
The ice beast is lightly wounded.
The ice beast barely misses you.
You hit the ice beast.
The ice beast is moderately wounded.
You punch the ice beast!
The ice beast is almost dead.
The ice beast barely misses you.
You punch the ice beast!
You kill the ice beast!
Your Unarmed Combat skill increases to level 7!
You warm up again.
The +7 dagger of Dissolution {freeze, rPois Int+2} unmelds from your body.
Your +0 robe unmelds from your body.
The +7 dagger of Dissolution {freeze, rPois Int+2} glows with a cold blue light!
A centaur comes into view. It is wielding a spear.
Casting: Ice Form
Confirm with . or Enter, or press ? or * to list all spells.
You turn into a venomous arachnid creature.
The +7 dagger of Dissolution {freeze, rPois Int+2} melds into your body.
Your +0 robe melds into your body.
The +7 dagger of Dissolution {freeze, rPois Int+2} stops glowing.
The centaur shouts!
The centaur unwields an uncursed spear.
The centaur wields a shortbow.
The centaur shoots an arrow.
The arrow completely misses you.
The centaur shoots an arrow.
The arrow closely misses you.
The centaur shoots an arrow.
The arrow hits you!
* * * LOW HITPOINT WARNING * * *
You see here 2 arrows.
The centaur shoots an arrow.
The arrow hits you!
You die...

#.# #...# #.# #...# #########
##.# #...#########.......########
...# #.(.........)...............
#### #..##########.......########
..# #..# #...#######
..####..########.#.###########
....................c.......>#
..##†...########s..#########.####
..###........(.(...# #..... ..#
#..########.#...... ###### ..#
#.... ........... ..# ##.###
###.#....... ### #.. #.#.......
##+# #.#.###### ..#.# ###


You could see a centaur.

Vanquished Creatures
  Menkaure (D:6)
  An ice beast (D:5)
  A phantom (D:5)
  An ogre (D:5)
  A bullfrog (D:6)
  The ghost of pk666 the Magician, a weakling DEWz (D:3)
  A hound (D:6)
  3 worker ants
  3 adders
  An ooze (D:2)
  A worm (D:2)
  2 dart slugs
  A leopard gecko (D:1)
  2 orcs (D:3)
  5 bats
  A giant cockroach (D:2)
  A goblin (D:2)
  5 hobgoblins
  3 jackals (D:3)
  2 quokkas
  4 frilled lizards
  A kobold (D:3)
  3 rats (D:3)
45 creatures vanquished.

Vanquished Creatures (collateral kills)
  A bat (D:3)
1 creature vanquished.

Grand Total: 46 creatures vanquished

Notes
Turn   | Place    | Note
-------+----------+-------------------------------------------
     0 | D:1      | tidbits the Gnoll Transmuter began the quest for the Orb.
     0 | D:1      | Reached XP level 1. HP: 17/17 MP: 6/6
    85 | D:1      | Reached XP level 2. HP: 8/23 MP: 7/7
    89 | D:1      | Learned a level 2 spell: Sticks to Snakes
   228 | D:2      | Reached XP level 3. HP: 18/28 MP: 9/9
   233 | D:2      | Learned a level 3 spell: Spider Form
   275 | D:2      | Reached skill level 5 in Spellcasting
   289 | D:3      | Reached skill level 1 in Invocations
   299 | D:3      | Reached skill level 1 in Short Blades
   299 | D:3      | Reached skill level 1 in Long Blades
   299 | D:3      | Reached skill level 1 in Axes
   299 | D:3      | Reached skill level 1 in Maces & Flails
   299 | D:3      | Reached skill level 1 in Polearms
   299 | D:3      | Reached skill level 1 in Staves
   299 | D:3      | Reached skill level 1 in Slings
   299 | D:3      | Reached skill level 1 in Bows
   299 | D:3      | Reached skill level 1 in Crossbows
   299 | D:3      | Reached skill level 1 in Throwing
   299 | D:3      | Reached skill level 1 in Armour
   299 | D:3      | Reached skill level 1 in Stealth
   299 | D:3      | Reached skill level 1 in Shields
   299 | D:3      | Reached skill level 1 in Evocations
   301 | D:3      | Found a hazy altar of Hepliaklqana.
   315 | D:3      | Reached XP level 4. HP: 18/34 MP: 1/11
   354 | D:3      | Noticed pk666's ghost (weakling DEWz)
   434 | D:3      | Killed pk666's ghost
   434 | D:3      | Reached skill level 1 in Conjurations
   434 | D:3      | Reached skill level 1 in Hexes
   434 | D:3      | Reached skill level 1 in Charms
   434 | D:3      | Reached skill level 1 in Summonings
   434 | D:3      | Reached skill level 1 in Necromancy
   434 | D:3      | Reached skill level 1 in Translocations
   434 | D:3      | Reached skill level 1 in Fire Magic
   434 | D:3      | Reached skill level 1 in Ice Magic
   434 | D:3      | Reached skill level 1 in Air Magic
   434 | D:3      | Reached skill level 1 in Earth Magic
   434 | D:3      | Reached skill level 1 in Poison Magic
   514 | D:4      | Reached XP level 5. HP: 40/40 MP: 6/12
   557 | D:5      | Entered Level 5 of the Dungeon
   557 | D:5      | Found a blossoming altar of Fedhas.
   610 | D:5      | Reached skill level 3 in Fighting
   610 | D:5      | Reached skill level 4 in Transmutations
   672 | D:6      | Noticed Menkaure
   678 | D:6      | Killed Menkaure
   678 | D:6      | Reached skill level 2 in Invocations
   678 | D:6      | Reached XP level 6. HP: 12/47 MP: 4/13
   695 | D:6      | Noticed Duvessa
   760 | D:5      | HP: 3/47 [orc priest/nerve-wracking pain (7)]
   865 | D:6      | Reached skill level 2 in Short Blades
   865 | D:6      | Reached skill level 2 in Long Blades
   865 | D:6      | Reached skill level 2 in Axes
   865 | D:6      | Reached skill level 2 in Maces & Flails
   865 | D:6      | Reached skill level 2 in Polearms
   865 | D:6      | Reached skill level 2 in Staves
   865 | D:6      | Reached skill level 2 in Slings
   865 | D:6      | Reached skill level 2 in Bows
   865 | D:6      | Reached skill level 2 in Crossbows
   865 | D:6      | Reached skill level 2 in Throwing
   865 | D:6      | Reached skill level 2 in Armour
   865 | D:6      | Reached skill level 5 in Dodging
   865 | D:6      | Reached skill level 2 in Stealth
   865 | D:6      | Reached skill level 2 in Shields
   865 | D:6      | Reached skill level 2 in Evocations
   894 | D:5      | Noticed a phantom
   912 | D:5      | Got an encrusted dagger
   931 | D:5      | Identified the +7 dagger of Dissolution {freeze, rPois Int+2} (You found it on level 5 of the Dungeon)
   958 | D:5      | HP: 4/47 [phantom (1)]
   959 | D:5      | Killed a phantom
   959 | D:5      | Reached XP level 7. HP: 5/52 MP: 15/15
   983 | D:5      | Learned a level 4 spell: Ice Form
  1089 | D:5      | Reached skill level 7 in Unarmed Combat
  1097 | D:5      | HP: 4/52 [centaur/arrow (10)]
  1098 | D:5      | Shot with an arrow by a centaur

Skill      XL: |  1  2  3  4  5  6  7 |
---------------+----------------------+-----
Spellcasting   | 5 |  5.5
Invocations    | 1 2 |  2.6
Short Blades   | 1 2 |  2.3
Long Blades    | 1 2 |  2.3
Axes           | 1 2 |  2.3
Maces & Flails | 1 2 |  2.3
Polearms       | 1 2 |  2.3
Staves         | 1 2 |  2.3
Slings         | 1 2 |  2.3
Bows           | 1 2 |  2.3
Crossbows      | 1 2 |  2.3
Throwing       | 1 2 |  2.3
Armour         | 1 2 |  2.3
Stealth        | 1 2 |  2.3
Shields        | 1 2 |  2.3
Evocations     | 1 2 |  2.3
Conjurations   | 1 |  1.9
Hexes          | 1 |  1.9
Charms         | 1 |  1.9
Summonings     | 1 |  1.9
Necromancy     | 1 |  1.9
Translocations | 1 |  1.9
Fire Magic     | 1 |  1.9
Ice Magic      | 1 |  1.9
Air Magic      | 1 |  1.9
Earth Magic    | 1 |  1.9
Poison Magic   | 1 |  1.9
Fighting       | 3 |  3.5
Transmutations | 4 |  4.3
Dodging        | 5 |  5.2
Unarmed Combat | 7 |  7.0

Action                   |  1- 3 |  4- 6 |  7- 9 || total
-------------------------+-------+-------+-------++-------
Melee: Unarmed           |    51 |    48 |     6 ||   105
       Headbutt          |     3 |     2 |       ||     5
       Bite              |     2 |       |       ||     2
       Kick              |     2 |       |       ||     2
       Punch             |     1 |       |       ||     1
       Dagger            |       |     7 |     1 ||     8
 Cast: Beastly Appendage |     6 |     3 |       ||     9
       Sticks to Snakes  |     3 |     7 |       ||    10
       Spider Form       |     2 |     9 |     1 ||    12
       Ice Form          |       |       |     1 ||     1
 Abil: End Transformatio |       |       |     1 ||     1
  Use: Scroll            |       |     7 |     1 ||     8
       Potion            |       |     2 |       ||     2
 Stab: Sleeping          |     1 |       |     1 ||     2
  Eat: Ration            |       |     1 |       ||     1
Armor: Robe              |     6 |     3 |       ||     9
       Skin              |     3 |     2 |     1 ||     6
Dodge: Dodged            |    50 |    50 |     5 ||   105

Table legend:
 A = Turns spent in this place as a percentage of turns spent in the entire game.
 B = Non-inter-level travel turns spent in this place as a percentage of non-inter-level travel turns spent in the entire game.
 C = Inter-level travel turns spent in this place as a percentage of turns spent in this place.
 D = Turns resting spent in this place as a percentage of non-inter-level travel turns spent in this place.
 E = Turns spent auto-exploring this place as a percentage of non-inter-level travel turns spent in this place.
 F = Non-inter-level travel turns spent in this place divided by the number of levels of this place that you've seen.
                   A       B       C       D       E      F
               +-------+-------+-------+-------+-------+----------------------
         Total | 100.0 | 100.0 |   6.6 |   0.0 |   0.0 | 146.6
       Dungeon | 100.0 | 100.0 |   6.6 |   0.0 |   0.0 | 146.6
               +-------+-------+-------+-------+-------+----------------------

Table legend:
 A = Kills in this place as a percentage of kills in entire the game.
 B = Kills by you in this place as a percentage of kills by you in the entire game.
 C = Kills by friends in this place as a percentage of kills by friends in the entire game.
 D = Other kills in this place as a percentage of other kills in the entire game.
 E = Experience gained in this place as a percentage of experience gained in the entire game.
 F = Experience gained in this place divided by the number of levels of this place that you have seen.
                   A       B       C       D       E      F
               +-------+-------+-------+-------+-------+----------------------
         Total | 100.0 | 100.0 | 100.0 |   N/A | 100.0 | 115.4
       Dungeon | 100.0 | 100.0 | 100.0 |   N/A | 100.0 | 115.4
               +-------+-------+-------+-------+-------+----------------------

Vault maps used:
D:1:      dpeg_arrival_more_subterranean_lakeside_camping
D:2:      kennysheep_cross_bottleneck
D:3:      lemuel_crystal_altar
D:4:      lightli_corner_chamber
D:5:      grunt_gozag_breadcrumbs, basic_altar, first_ration
D:6:      serial_shops, nicolae_shop_window_shopping, minivault_11,
          uniq_menkaure, uniq_duvessa
D:7:      lemuel_round_altar, minmay_temple_entry_statues_pillars
